 Dungeon Crawl Stone Soup version 0.30.1-4-g462c640d31 (webtiles) character file.

Game seed: 4136866855340349935

60 growler the Gusty (level 4, -5/24 HPs)
             Began as a Tengu Air Elementalist on Sept 14, 2023.
             Slain by Sigmund
             ... wielding a +0 scythe
              (10 damage)
             ... on level 2 of the Dungeon.
             The game lasted 00:04:07 (1794 turns).

growler the Gusty (Tengu Air Elementalist)          Turns: 1794, Time: 00:04:08

Health: -5/24      AC:  3    Str:  8    XL:     4   Next: 6%
Magic:  1/9        EV: 12    Int: 17    God:
Gold:   88         SH:  0    Dex: 15    Spells: 5/8 levels left

rFire   . . .        f - staff of conjuration
rCold   . . .        (no shield)
rNeg    . . .        a - +0 robe
rPois   .            (helmet restricted)
rElec   .            (no cloak)
rCorr   .            k - +0 pair of gloves
SInv    .            (boots unavailable)
Will    .....        (no amulet)
Stlth   ++           (no ring)
HPRegen 0.24/turn    (no ring)
MPRegen 0.11/turn

%: no passive effects
@: no status effects
A: beak, talons 3
a: no special abilities


You were on level 2 of the Dungeon.
You visited 1 branch of the dungeon, and saw 2 of its levels.

You collected 88 gold pieces.

Inventory:

Hand Weapons
 m - a +2 dagger of speed
Armour
 a - a +0 robe (worn)
 k - a +0 pair of gloves (worn)
Magical Staves
 f - a staff of conjuration (weapon)
Scrolls
 e - a scroll of enchant weapon {unknown}
 g - 3 scrolls of immolation {unknown}
 j - 2 scrolls of teleportation {unknown}
Potions
 b - a potion of magic
 c - 5 potions of curing {unknown}
 d - a potion of lignification {unknown}
 h - 2 potions of brilliance {unknown}
 i - a potion of attraction {unknown}
 l - a potion of might {unknown}
 n - a potion of mutation {unknown}
 o - a potion of berserk rage {unknown}


   Skills:
 - Level 2.1 Dodging
 - Level 2.0 Stealth
 + Level 2.7 Spellcasting
 + Level 3.0 Conjurations
 + Level 4.9 Air Magic


You had 5 spell levels left.
You knew the following spells:

 Your Spells              Type           Power      Damage    Failure   Level
a - Shock                 Conj/Air       92%        1d8       3%          1
b - Static Discharge      Conj/Air       46%        2-4/arc   5%          2

Your spell library contained the following spells:

 Spells                   Type           Power      Damage    Failure   Level
 Swiftness                Air            19%        N/A       7%          3
 Airstrike                Air            9%         2d(2-18)  22%         4


Dungeon Overview and Level Annotations

Branches:
Dungeon (2/15)

Altars:

Annotations:
D:2 Jessica, Sigmund


Innate Abilities, Weirdness & Mutations

You have a beak for a mouth.
You have claws for feet.


Message History

You aren't carrying any items that you can evoke.
Casting: Shock (safe; 3% risk of failure)
Confirm with . or Enter, or press ? or * to list all spells.
You don't know that spell.
Unknown command.
Unknown command.
Unknown command.
f - a staff of conjuration (weapon)
Casting: Shock (safe; 3% risk of failure)
Confirm with . or Enter, or press ? or * to list all spells.
Aiming: Shock (safe; 3% risk of failure)
Press: ? - help, Shift-Dir - straight line You feel a surge of power!
Something hits you!
Unknown command.
Casting: Shock (safe; 3% risk of failure)
Confirm with . or Enter, or press ? or * to list all spells.
You can't see any susceptible monsters within range! (Use Z to cast anyway.) Unknown command.
Casting: Shock (safe; 3% risk of failure)
Confirm with . or Enter, or press ? or * to list all spells.
You can't see any susceptible monsters within range! (Use Z to cast anyway.)
Casting: Shock (safe; 3% risk of failure)
Confirm with . or Enter, or press ? or * to list all spells.
Aiming: Shock (safe; 3% risk of failure)
Press: ? - help, Shift-Dir - straight line You feel a surge of power!
Something hits you!
* * * LOW HITPOINT WARNING * * *
Unknown command.
Casting: Shock (safe; 3% risk of failure)
Confirm with . or Enter, or press ? or * to list all spells.
Aiming: Shock (safe; 3% risk of failure)
Press: ? - help, Shift-Dir - straight line You feel a surge of power!
The zap hits something. x2
Casting: Shock (safe; 3% risk of failure)
Confirm with . or Enter, or press ? or * to list all spells.
Aiming: Shock (safe; 3% risk of failure)
Press: ? - help, Shift-Dir - straight line You feel a surge of power!
The zap hits something.
The zap hits something!
Something hits you!
You die...

######### #######
.........###.@†{.#
.........##..###.#
.........#..## #.#
$..........## #.#
.........### #{#
.........# #..#
.........# ##...
.........# .#...
##......## .#....#


There were no monsters in sight!

Vanquished Creatures
  2 adders (D:2)
  2 dart slugs (D:2)
  3 ball pythons
  An endoplasm (D:2)
  2 giant cockroaches
  5 goblins
  3 hobgoblins
  3 jackals (D:1)
  A quokka (D:2)
  6 bats
  6 frilled lizards
  A kobold (D:1)
  2 rats
37 creatures vanquished.

Notes
Turn   | Place    | Note
-------+----------+-------------------------------------------
     0 | D:1      | growler the Tengu Air Elementalist began the quest for the
                  | Orb.
     0 | D:1      | Reached XP level 1. HP: 10/10 MP: 4/4
   176 | D:1      | Reached XP level 2. HP: 15/15 MP: 0/6
   239 | D:1      | Learned a level 2 spell: Static Discharge
  1246 | D:2      | Reached XP level 3. HP: 19/19 MP: 2/7
  1675 | D:2      | Noticed Jessica
  1779 | D:2      | Noticed Sigmund
  1790 | D:2      | Reached XP level 4. HP: 24/24 MP: 5/9
  1794 | D:2      | Slain by Sigmund

Illustrated notes

Levels and vault maps discovered:
D:1:      matt_arrival_grand_opening, layout_loops_ring, serial_forest,
          infiniplex_forest_lined_2, infiniplex_forest_clump_diagonal,
          infiniplex_forest_zigzag_1, infiniplex_forest_end_3
D:2:      layout_rooms, uniq_jessica, uniq_sigmund

Skill      XL: |  1  2  3 |
---------------+----------+-----
Conjurations   | 2 3 |  3.0
Dodging        | |  2.1
Stealth        | |  2.0
Spellcasting   | |  2.7
Air Magic      | |  4.9

Action                     |  1- 3 |  4- 6 || total
---------------------------+-------+-------++-------
  Melee: Unarmed           |    10 |       ||    10
         Kick              |     7 |       ||     7
         Peck              |     2 |       ||     2
         Dagger            |     1 |       ||     1
   Cast: Shock             |    80 |     4 ||    84
 Armour: Robe              |     8 |       ||     8
  Dodge: Dodged            |    20 |       ||    20
